Map: Colonia rurale

Players

flärrr

  • Race: Protoss Protoss
  • Spawn Location: 11:00

CoteDeBoeuf

  • Race: Terran Terran
  • Spawn Location: 11:00

Januel

  • Race: Zerg Zerg
  • Spawn Location: 9:00

Mørtebianca - Winner!

  • Race: Zerg Zerg
  • League: Diamond
  • Spawn Location: 5:00

Space - Winner!

  • Race: Terran Terran
  • League: Diamond
  • Spawn Location: 5:00

Jhyrachy - Winner!

  • Race: Zerg Zerg
  • League: Silver
  • Spawn Location: 5:00

VOD

Have the link to the VOD?

Description

Time

  • Played on: Dec. 9, 2015, 3:55 p.m.
  • Length: 4:27
Show
View Real Time Build Order
Export as new Build Order

flärrr Protoss 

Build Orders:  

Get SALT Encoding   

  12  0:02  Probe (Chrono Boost)  
  13  0:12  Probe (Chrono Boost)  
  14  0:20  Pylon  
  14  0:23  Probe (Chrono Boost)  
  15  0:38  Probe (Chrono Boost)  
  16  0:49  Probe (Chrono Boost)  
  17  0:59  Probe (Chrono Boost)  
  18  1:10  Probe (Chrono Boost)  
  19  1:12  Gateway  
  19  1:27  Nexus  
  19  1:30  Assimilator  
  19  1:37  Pylon  
  19  1:39  Probe (Chrono Boost)  
  20  1:42  Assimilator  
  20  1:47  Gateway  
  20  1:50  Probe (Chrono Boost)  
  21  2:01  Probe (Chrono Boost)  
  22  2:11  Probe (Chrono Boost), Zealot  
  22  2:14  Cybernetics Core  
  25  2:17  Pylon  
  25  2:22  Probe (Chrono Boost)  
  26  2:38  Zealot  
  27  2:47  Probe (Chrono Boost)  
  28  2:56  Twilight Council  
  28  2:58  Assimilator, Probe (Chrono Boost)  
  26  3:12  Probe (Chrono Boost)  
  24  3:13  Stalker  
  23  3:22  Probe (Chrono Boost), Stalker  
  25  3:33  Probe (Chrono Boost)  
  26  3:47  Stalker  
Show
View Real Time Build Order
Export as new Build Order

CoteDeBoeuf Terran 

Build Orders: Command Center First (CC) 

Get SALT Encoding   

  12  0:01  SCV  
  13  0:13  SCV  
  14  0:25  SCV  
  15  0:30  Supply Depot  
  15  1:01  SCV  
  15  1:03  Command Center  
  16  1:13  SCV  
  17  1:27  SCV  
  18  1:37  Command Center  
  18  1:41  SCV  
  19  1:55  SCV, Barracks  
  20  2:07  SCV  
  20  2:08  Refinery  
  21  2:10  Refinery  
  21  2:19  SCV  
  21  2:20  SCV  
  23  2:34  SCV  
  21  2:53  Orbital Command  
  21  3:05  Reaper  
  22  3:10  Orbital Command  
  21  3:34  Factory  
  21  3:37  Reaper  
Show
View Real Time Build Order
Export as new Build Order

Januel Zerg 

Build Orders: Pool First 

Get SALT Encoding   

  12  0:01  Drone  
  13  0:08  Drone  
  14  0:18  Overlord  
  14  0:33  Extractor  
  14  0:34  Drone  
  14  0:45  Spawning Pool  
  14  0:48  Drone  
  14  0:50  Drone  
  14  0:53  Drone  
  16  1:04  Drone  
  17  1:15  Drone  
  18  1:22  Drone  
  19  1:31  Queen  
  21  1:33  Overlord  
  21  1:44  Baneling Nest  
  21  1:45  Drone  
  21  1:49  Extractor  
  20  1:54  Drone  
  21  2:23  Zergling x4  
  23  2:38  Zergling x4  
  23  2:40  Metabolic Boost  
  25  2:45  Lair  
  25  2:52  Hatchery  
  24  3:02  Drone x2  
  24  3:05  Overlord, Zergling x2  
  27  3:21  Drone x2  
  29  3:32  Baneling x3  
  29  3:33  Baneling  
  29  3:36  Drone, Zergling x4  
  29  4:04  Zergling x6  
Show
View Real Time Build Order
Export as new Build Order

Mørtebianca Zerg - Winner!

Build Orders: Pool First 

Get SALT Encoding   

  12  0:01  Drone  
  13  0:08  Drone  
  14  0:18  Overlord  
  14  0:36  Drone x3  
  17  0:45  Extractor  
  17  0:47  Spawning Pool  
  15  0:51  Drone  
  16  1:06  Drone  
  17  1:26  Drone  
  17  1:30  Drone  
  17  1:32  Drone  
  20  1:35  Hatchery  
  19  1:44  Metabolic Boost  
  19  1:48  Overlord  
  19  1:57  Queen  
  21  2:10  Drone  
  22  2:36  Hatchery  
  21  2:38  Drone  
  21  2:39  Zergling x2, Baneling Nest  
  21  2:40  Zergling x2  
  23  2:48  Zergling x2  
  24  2:53  Queen  
  26  3:00  Overlord  
  26  3:04  Zergling x2  
  27  3:08  Zergling x2  
  27  3:12  Zergling x2  
  29  3:16  Zergling x2  
  29  3:17  Zergling x2  
  31  3:21  Zergling x2  
  31  3:25  Zergling x2  
  33  3:27  Zergling x2  
  33  3:32  Zergling x2  
  35  3:35  Zergling x2  
  35  3:40  Zergling x2  
  35  3:48  Zergling x4  
  35  3:49  Zergling x2  
  35  3:53  Zergling x2  
  39  3:57  Zergling x2  
  39  4:00  Zergling x2  
  35  4:03  Zergling x2  
  35  4:09  Zergling x2  
  38  4:10  Zergling x2  
Show
View Real Time Build Order
Export as new Build Order

Space Terran - Winner!

Build Orders:  

Get SALT Encoding   

  12  0:00  SCV  
  13  0:13  SCV  
  14  0:18  Supply Depot  
  14  0:25  SCV  
  15  0:39  SCV  
  15  0:40  Barracks  
  16  0:45  Refinery  
  16  0:51  SCV  
  17  1:03  SCV  
  18  1:13  Refinery  
  18  1:15  SCV  
  19  1:22  Barracks  
  19  1:28  Reaper  
  19  1:32  Orbital Command  
  20  1:58  SCV  
  20  2:00  Reaper  
  22  2:11  Barracks  
  22  2:15  Supply Depot  
  23  2:16  Reaper  
  23  2:37  Reaper  
  24  2:47  SCV  
  24  2:48  Reaper  
  24  2:51  Supply Depot  
  26  2:59  SCV  
  26  3:02  Reaper  
  28  3:09  Reaper  
  28  3:11  SCV  
  30  3:20  Reaper  
  31  3:29  SCV  
  32  3:34  Reaper  
  32  3:35  Supply Depot  
  32  3:36  Supply Depot  
  32  3:41  Reaper  
  34  3:52  Reaper  
  35  4:02  SCV  
Show
View Real Time Build Order
Export as new Build Order

Jhyrachy Zerg - Winner!

Build Orders: Hatch First 

Get SALT Encoding   

  12  0:02  Drone  
  13  0:09  Drone  
  14  0:19  Overlord  
  14  0:38  Drone x2  
  14  0:39  Drone  
  17  0:57  Hatchery  
  17  0:58  Drone  
  17  1:01  Extractor  
  17  1:02  Drone  
  17  1:17  Spawning Pool  
  16  1:20  Drone  
  16  1:23  Extractor  
  16  1:27  Drone  
  17  1:36  Drone  
  18  1:47  Overlord  
  18  1:56  Drone  
  19  2:04  Metabolic Boost  
  19  2:06  Drone  
  20  2:11  Baneling Nest  
  20  2:14  Queen  
  21  2:25  Drone  
  22  2:31  Queen  
  24  2:54  Drone x2  
  26  3:00  Zergling x2  
  26  3:01  Zergling x6  
  30  3:37  Zergling x2  
  30  3:38  Zergling x10  
  30  3:39  Overlord  
  30  3:40  Overlord  
  34  4:05  Zergling x2  
  34  4:06  Zergling x14  
Tags
 
Add a new tag
Caveats
  • Supply blocks, unpowered buildings, or Contaminate may cause inaccurate times.
  • Supply counts are checked every 10 seconds.